| TOP OF THE 1ST |
|
Peoria Chiefs batting - Pitching for West Virginia Power : RHP Nelson Villalva
|
|
Pitching: RHP Nelson Villalva
|
|
|
Batting: RHB Josh Martin
|
0-0: SINGLE (Groundball, 56D, EV 94.4 MPH)
|
|
Batting: RHB Travis Leonard
|
0-0: Fly out, F9 (Line Drive, 9, EV 92.5 MPH)
|
|
Batting: RHB Jorge Benites
|
0-0: Called Strike 0-1: Ball 1-1: Ball 2-1: Foul Ball, location: 2F 2-2: Fly out, F1 (Line Drive, P, EV 71.3 MPH)
|
|
Batting: RHB Dan Boykins
|
0-0: Ball 1-0: Ball 2-0: Called Strike 2-1: Called Strike Josh Martin steals 2nd, throwing error, E2 Josh Martin to third 2-2: Foul Ball, location: 2F 2-2: Strikes out looking
|
| Top of the 1st over - 0 runs, 1 hit, 1 error, 1 left on base; Peoria 0 - West Virginia 0 |
| BOTTOM OF THE 1ST |
|
West Virginia Power batting - Pitching for Peoria Chiefs : RHP Ben Cook
|
|
Pitching: RHP Ben Cook
|
|
|
Batting: LHB Micah Boshnjaku
|
0-0: Foul Ball, location: 2F 0-1: Ball 1-1: Ball 2-1: Ball 3-1: Foul Ball, location: 2F 3-2: SINGLE (Flyball, 4D, EV 88.8 MPH)
|
|
Batting: RHB Jose Lozano
|
0-0: Ball Micah Boshnjaku is caught stealing 2nd base 2-4 1-0: Ball 2-0: Foul Ball, location: 2F 2-1: Ground out 6-3 (Groundball, 6, EV 85.0 MPH)
|
|
Batting: SHB Francisco Gutierrez
|
0-0: Ball 1-0: Fly out, F8 (Flyball, 8RD, EV 88.8 MPH)
|
| Bottom of the 1st over - 0 runs, 1 hit, 0 errors, 0 left on base; Peoria 0 - West Virginia 0 |
| TOP OF THE 2ND |
|
Peoria Chiefs batting - Pitching for West Virginia Power : RHP Nelson Villalva
|
|
Batting: RHB Bryan Wheeler
|
0-0: Foul Ball, location: 2F 0-1: DOUBLE (Line Drive, 7LS, EV 98.8 MPH)
|
|
Batting: RHB Daniel Samano
|
0-0: Foul Ball, location: 2F 0-1: Foul Ball, location: 2F 0-2: Ball 1-2: Ball 2-2: Ball 3-2: Base on Balls
|
|
Batting: LHB Jayden Thomas
|
0-0: Ball 1-0: Ball 2-0: Called Strike 2-1: Swinging Strike 2-2: Ball 3-2: Base on Balls Bryan Wheeler to third Daniel Samano to second
|
|
Batting: RHB Justin Reich
|
0-0: Ball Wild Pitch! Bryan Wheeler scores Daniel Samano to third Jayden Thomas to second 1-0: Called Strike 1-1: Called Strike 1-2: Ball 2-2: Ball 3-2: Foul Ball, location: 2F 3-2: Foul Ball, location: 2F 3-2: Foul Ball, location: 2F 3-2: Foul Ball, location: 2F 3-2: Foul Ball, location: 2F 3-2: Fly out, F9 (Flyball, 89M, EV 86.9 MPH) Runner from 3rd tags up, OUT at HOME! 9-2 Jayden Thomas to third
|
|
Batting: RHB Chris Simmons
|
0-0: Called Strike 0-1: Swinging Strike 0-2: Strikes out swinging
|
| Top of the 2nd over - 1 run, 1 hit, 0 errors, 1 left on base; Peoria 1 - West Virginia 0 |
| BOTTOM OF THE 2ND |
|
West Virginia Power batting - Pitching for Peoria Chiefs : RHP Ben Cook
|
|
Batting: RHB Tom Primmer
|
0-0: Foul Ball, location: 2F 0-1: DOUBLE (Line Drive, 9LM, EV 111.9 MPH)
|
|
Batting: RHB Jordan Robinson
|
0-0: Fly out, F9 (Flyball, 9D, EV 97.5 MPH) Runner from 2nd tags up, SAFE at 3rd, no throw by RF
|
|
Batting: SHB Brad Day
|
0-0: Ball 1-0: Ground out 6-3 (Groundball, 56, EV 105.0 MPH) Tom Primmer scores
|
|
Batting: RHB Dennis Coppolino
|
0-0: Called Strike 0-1: Ball 1-1: Ball 2-1: Foul Ball, location: 2F 2-2: Ball 3-2: Foul Ball, location: 2F 3-2: Foul Ball, location: 2F 3-2: Strikes out looking
|
| Bottom of the 2nd over - 1 run, 1 hit, 0 errors, 0 left on base; Peoria 1 - West Virginia 1 |
| TOP OF THE 3RD |
|
Peoria Chiefs batting - Pitching for West Virginia Power : RHP Nelson Villalva
|
|
Batting: RHB Josh Martin
|
0-0: Ball 1-0: Ball 2-0: Ball 3-0: Called Strike 3-1: Swinging Strike 3-2: Foul Ball, location: 2F 3-2: Fly out, F8 (Flyball, 8RXD, EV 92.5 MPH)
|
|
Batting: RHB Travis Leonard
|
0-0: Called Strike 0-1: SINGLE (Line Drive, 6M, EV 98.1 MPH)
|
|
Batting: RHB Jorge Benites
|
0-0: Called Strike Travis Leonard steals 2nd base (no throw) 0-1: Foul Ball, location: 2F 0-2: Foul Ball, location: 2F 0-2: SINGLE (Line Drive, 8RS, EV 96.9 MPH) Travis Leonard to third
|
|
Batting: RHB Dan Boykins
|
0-0: Ball 1-0: Called Strike 1-1: Called Strike 1-2: Strikes out swinging
|
|
Batting: RHB Bryan Wheeler
|
0-0: Foul Ball, location: 2F 0-1: Foul Ball, location: 2F 0-2: Strikes out looking
|
| Top of the 3rd over - 0 runs, 2 hits, 0 errors, 2 left on base; Peoria 1 - West Virginia 1 |
| BOTTOM OF THE 3RD |
|
West Virginia Power batting - Pitching for Peoria Chiefs : RHP Ben Cook
|
|
Batting: RHB Ted Goldblatt
|
0-0: Ball 1-0: SINGLE (Groundball, 4D, EV 111.9 MPH)
|
|
Batting: RHB John Beiswenger
|
0-0: Foul Ball, location: 2F 0-1: Fly out, F8 (Flyball, 8LM, EV 85.0 MPH)
|
|
Batting: LHB Micah Boshnjaku
|
0-0: Ball 1-0: Called Strike 1-1: Ball 2-1: Foul Ball, location: 2F 2-2: Foul Ball, location: 2F 2-2: Strikes out swinging
|
|
Batting: RHB Jose Lozano
|
0-0: Foul Ball, location: 2F 0-1: Called Strike 0-2: Ball 1-2: Ball 2-2: Ball 3-2: Foul Ball, location: 2F 3-2: Ground out 4-3 (Groundball, 4, EV 81.9 MPH)
|
| Bottom of the 3rd over - 0 runs, 1 hit, 0 errors, 1 left on base; Peoria 1 - West Virginia 1 |
| TOP OF THE 4TH |
|
Peoria Chiefs batting - Pitching for West Virginia Power : RHP Nelson Villalva
|
|
Batting: RHB Daniel Samano
|
0-0: SOLO HOME RUN (Flyball, 78XD, EV 98.8 MPH), Distance : 399 ft
|
|
Batting: LHB Jayden Thomas
|
0-0: Called Strike 0-1: Swinging Strike 0-2: Foul Ball, location: 2F 0-2: Ball 1-2: Foul Ball, location: 2F 1-2: Fly out, F9 (Flyball, 9LM, EV 108.1 MPH)
|
|
Batting: RHB Justin Reich
|
0-0: Ball 1-0: Foul Ball, location: 2F 1-1: SINGLE (Groundball, 25, EV 68.8 MPH) (infield hit)
|
|
Batting: RHB Chris Simmons
|
0-0: Ball 1-0: Swinging Strike 1-1: Foul Ball, location: 2F 1-2: Ball 2-2: Fly out, F9 (Flyball, 9S, EV 91.3 MPH)
|
|
Batting: RHB Josh Martin
|
0-0: Called Strike 0-1: Ball 1-1: Ball 2-1: Foul Ball, location: 2F 2-2: Foul Ball, location: 2F 2-2: Foul Ball, location: 2F 2-2: Foul Ball, location: 2F 2-2: Strikes out looking
|
| Top of the 4th over - 1 run, 2 hits, 0 errors, 1 left on base; Peoria 2 - West Virginia 1 |
| BOTTOM OF THE 4TH |
|
West Virginia Power batting - Pitching for Peoria Chiefs : RHP Ben Cook
|
|
Batting: SHB Francisco Gutierrez
|
0-0: Foul Ball, location: 2F 0-1: Ball 1-1: Swinging Strike 1-2: Ball 2-2: Strikes out swinging
|
|
Batting: RHB Tom Primmer
|
0-0: SINGLE (Line Drive, 78M, EV 91.9 MPH)
|
|
Batting: RHB Jordan Robinson
|
0-0: Ball 1-0: Called Strike 1-1: Ball 2-1: SINGLE (Groundball, 6MD, EV 103.8 MPH) Tom Primmer to second Runner from 2nd tries for 3rd, SAFE, throw by CF made to third
|
|
Batting: SHB Brad Day
|
Squeeze bunt is on, Tom Primmer is out 0-1: Called Strike 0-2: Ball 1-2: Ball 2-2: Ball 3-2: SINGLE (Groundball, 34D, EV 110.0 MPH) Jordan Robinson to second Jordan Robinson to third
|
|
Batting: RHB Dennis Coppolino
|
0-0: Ball 1-0: Foul Ball, location: 2F 1-1: Foul Ball, location: 2F 1-2: Ball 2-2: Foul Ball, location: 2F 2-2: SINGLE (Groundball, 56D, EV 95.6 MPH) Jordan Robinson scores Brad Day to second
|
|
Batting: RHB Ted Goldblatt
|
0-0: Fielders Choice at 2nd, 6-4 (Groundball, 6, EV 82.5 MPH)
|
| Bottom of the 4th over - 1 run, 4 hits, 0 errors, 2 left on base; Peoria 2 - West Virginia 2 |
| TOP OF THE 5TH |
|
Peoria Chiefs batting - Pitching for West Virginia Power : RHP Nelson Villalva
|
|
Batting: RHB Travis Leonard
|
0-0: Called Strike 0-1: Ball 1-1: Ball 2-1: Swinging Strike 2-2: Strikes out swinging
|
|
Pitching: RHP Jared Gosselin
|
|
|
Batting: RHB Jorge Benites
|
0-0: Ball 1-0: Ground out 5-3 (Groundball, 56, EV 87.5 MPH)
|
|
Batting: RHB Dan Boykins
|
0-0: Ball 1-0: Ground out 6-3 (Groundball, 6, EV 95.0 MPH)
|
| Top of the 5th over - 0 runs, 0 hits, 0 errors, 0 left on base; Peoria 2 - West Virginia 2 |
| BOTTOM OF THE 5TH |
|
West Virginia Power batting - Pitching for Peoria Chiefs : RHP Ben Cook
|
|
Batting: RHB John Beiswenger
|
0-0: Foul Ball, location: 2F 0-1: Ground out U3 (Groundball, 34, EV 90.0 MPH)
|
|
Batting: LHB Micah Boshnjaku
|
0-0: Ball 1-0: Swinging Strike 1-1: Ball 2-1: Foul Ball, location: 2F 2-2: Ball 3-2: Foul Ball, location: 2F 3-2: Strikes out looking
|
|
Batting: RHB Jose Lozano
|
0-0: Foul Ball, location: 2F 0-1: Ball 1-1: SINGLE (Groundball, 6MD, EV 96.9 MPH)
|
|
Batting: SHB Francisco Gutierrez
|
0-0: Ball Jose Lozano is caught stealing 2nd base 2-6
|
| Bottom of the 5th over - 0 runs, 1 hit, 0 errors, 0 left on base; Peoria 2 - West Virginia 2 |
| TOP OF THE 6TH |
|
Peoria Chiefs batting - Pitching for West Virginia Power : RHP Jared Gosselin
|
|
Batting: RHB Bryan Wheeler
|
0-0: Swinging Strike 0-1: Called Strike 0-2: Strikes out swinging
|
|
Batting: RHB Daniel Samano
|
0-0: SINGLE (Groundball, 13S, EV 65.6 MPH) (infield hit)
|
|
Batting: LHB Jayden Thomas
|
0-0: Called Strike 0-1: Ball Daniel Samano steals 2nd base 1-1: Called Strike 1-2: Ball 2-2: Foul Ball, location: 2F 2-2: Ball 3-2: Strikes out swinging
|
|
Batting: RHB Justin Reich
|
0-0: Foul Ball, location: 2F 0-1: Foul Ball, location: 2F 0-2: Ball 1-2: Strikes out looking
|
| Top of the 6th over - 0 runs, 1 hit, 0 errors, 1 left on base; Peoria 2 - West Virginia 2 |
| BOTTOM OF THE 6TH |
|
West Virginia Power batting - Pitching for Peoria Chiefs : RHP Ben Cook
|
|
Batting: SHB Francisco Gutierrez
|
0-0: Ball 1-0: Foul Ball, location: 2F 1-1: SINGLE (Groundball, 34D, EV 105.6 MPH)
|
|
Pitching: RHP Bryan Vandenburgh
|
|
|
Batting: RHB Tom Primmer
|
0-0: Ball 1-0: Foul Ball, location: 2F 1-1: Foul Ball, location: 2F 1-2: Strikes out swinging Francisco Gutierrez is caught stealing 2nd base 2-4 Batter strikes out.
|
|
Batting: RHB Jordan Robinson
|
0-0: Fly out, F8 (Flyball, 8RXD, EV 94.4 MPH)
|
| Bottom of the 6th over - 0 runs, 1 hit, 0 errors, 0 left on base; Peoria 2 - West Virginia 2 |
| TOP OF THE 7TH |
|
Peoria Chiefs batting - Pitching for West Virginia Power : RHP Jared Gosselin
|
|
Batting: RHB Chris Simmons
|
0-0: Ground out 1-3 (Groundball, 15S, EV 66.3 MPH)
|
|
Batting: RHB Josh Martin
|
0-0: Called Strike 0-1: Foul Ball, location: 2F 0-2: Foul Ball, location: 2F 0-2: Ball 1-2: Strikes out swinging
|
|
Batting: RHB Travis Leonard
|
0-0: Ball 1-0: Ground out 1-3 (Groundball, 15S, EV 68.1 MPH)
|
| Top of the 7th over - 0 runs, 0 hits, 0 errors, 0 left on base; Peoria 2 - West Virginia 2 |
| BOTTOM OF THE 7TH |
|
West Virginia Power batting - Pitching for Peoria Chiefs : RHP Bryan Vandenburgh
|
|
Batting: SHB Brad Day
|
0-0: TRIPLE (Flyball, 9LD, EV 103.1 MPH)
|
|
Batting: RHB Dennis Coppolino
|
0-0: Called Strike 0-1: Ball 1-1: Ball 2-1: DOUBLE (Line Drive, 7LM, EV 96.3 MPH) Brad Day scores
|
|
Batting: RHB Ted Goldblatt
|
0-0: Intentional Walk
|
|
Batting: RHB John Beiswenger
|
0-0: Sac Bunt to 2L - play at first, batter OUT! 2-4 Dennis Coppolino to third Ted Goldblatt to second
|
|
Batting: LHB Micah Boshnjaku
|
0-0: Intentional Walk
|
|
Batting: RHB Jose Lozano
|
0-0: Ball 1-0: SINGLE (Line Drive, 78S, EV 103.1 MPH) Dennis Coppolino scores Ted Goldblatt to third Micah Boshnjaku to second
|
|
Batting: SHB Francisco Gutierrez
|
0-0: Foul Ball, location: 2F 0-1: Ball 1-1: Swinging Strike 1-2: Ball 2-2: Ball 3-2: Foul Ball, location: 2F 3-2: Fly out, F9 (Flyball, 9LD, EV 96.9 MPH) Runner from 3rd tags up, SCORES, no throw by RF Micah Boshnjaku to third
|
|
Batting: RHB Tom Primmer
|
0-0: Ball 1-0: Called Strike 1-1: Foul Ball, location: 2F 1-2: Fielders Choice at 2nd, 5-4 (Groundball, 5L, EV 88.8 MPH)
|
| Bottom of the 7th over - 3 runs, 3 hits, 0 errors, 2 left on base; Peoria 2 - West Virginia 5 |
| TOP OF THE 8TH |
|
Peoria Chiefs batting - Pitching for West Virginia Power : RHP Jared Gosselin
|
|
Pitching: RHP Alex Romero
|
|
|
Batting: RHB Jorge Benites
|
0-0: Called Strike 0-1: Ball 1-1: Foul Ball, location: 2F 1-2: Strikes out looking
|
|
Batting: RHB Dan Boykins
|
0-0: Ball 1-0: Swinging Strike 1-1: Ball 2-1: Fly out, F9 (Flyball, 89M, EV 91.9 MPH)
|
|
Batting: RHB Bryan Wheeler
|
0-0: Fly out, F9 (Flyball, 89D, EV 88.1 MPH)
|
| Top of the 8th over - 0 runs, 0 hits, 0 errors, 0 left on base; Peoria 2 - West Virginia 5 |
| BOTTOM OF THE 8TH |
|
West Virginia Power batting - Pitching for Peoria Chiefs : RHP Bryan Vandenburgh
|
|
Pitching: RHP Dan Hardman
|
|
|
Batting: RHB Jordan Robinson
|
0-0: Ball 1-0: Ball 2-0: Called Strike 2-1: Called Strike 2-2: SINGLE (Groundball, 6S, EV 73.1 MPH) (infield hit)
|
|
Batting: SHB Brad Day
|
0-0: Ball 1-0: Sac Bunt to P - play at first, batter OUT! 1-3 Jordan Robinson to second
|
|
Batting: RHB Dennis Coppolino
|
0-0: Ball 1-0: Ground out 6-3 (Groundball, 6, EV 86.9 MPH) Jordan Robinson to third
|
|
Batting: RHB Ted Goldblatt
|
0-0: Intentional Walk
|
|
Batting: RHB John Beiswenger
|
0-0: Fly out, F7 (Flyball, 7, EV 91.9 MPH)
|
| Bottom of the 8th over - 0 runs, 1 hit, 0 errors, 2 left on base; Peoria 2 - West Virginia 5 |
| TOP OF THE 9TH |
|
Peoria Chiefs batting - Pitching for West Virginia Power : RHP Alex Romero
|
|
Pitching: RHP Troy Conners
|
|
|
Batting: RHB Daniel Samano
|
0-0: Foul Ball, location: 2F 0-1: Foul Ball, location: 2F 0-2: Ball 1-2: Ball 2-2: Ball 3-2: Strikes out swinging
|
|
Batting: LHB Jayden Thomas
|
0-0: Called Strike 0-1: Ball 1-1: Fly out, F9 (Flyball, 9S, EV 89.4 MPH)
|
|
Batting: RHB Justin Reich
|
0-0: Called Strike 0-1: Foul Ball, location: 2F 0-2: Foul Ball, location: 2F 0-2: Ball 1-2: Ball 2-2: Strikes out swinging
|
| Top of the 9th over - 0 runs, 0 hits, 0 errors, 0 left on base; Peoria 2 - West Virginia 5 |
|